 Dungeon Crawl Stone Soup version 0.22.1-2-g9c5b331 (webtiles) character file.

151 Yuikono the Grave Robber (level 5, 0/52 HPs)
             Began as a Demonspawn Necromancer on Dec 19, 2018.
             Killed from afar by Sigmund (4 damage)
             ... with a puff of flame
             ... on level 2 of the Dungeon.
             The game lasted 00:12:21 (2315 turns).

Yuikono the Grave Robber (Demonspawn Necromancer)   Turns: 2315, Time: 00:12:21

Health: 0/52       AC: 22    Str:  9    XL:     5   Next: 11%
Magic:  0/10       EV:  2    Int: 17    God:
Gold:   143        SH:  0    Dex: 13    Spells: 3/11 levels left

rFire    . . .     SeeInvis .   o - +1 spear (pierce)
rCold    . . .     Gourm    .   (no shield)
rNeg     + + +     Faith    .   (armour currently unavailable)
rPois    +         Spirit   +   (helmet currently unavailable)
rElec    .         Reflect  .   (cloak currently unavailable)
rCorr    .         Harm     .   (gloves currently unavailable)
MR       .....     NoTele   +   (boots currently unavailable)
Stlth    ++........             (no amulet)
HPRegen  1.17/turn              (no ring)
MPRegen  0.12/turn              (no ring)

@: tree-form, regenerating (expiring)
A: powered by death 2, magic shield
a: no special abilities


You were on level 2 of the Dungeon.
You were hungry.
You were a tree.
You visited 1 branch of the dungeon, and saw 4 of its levels.

You collected 143 gold pieces.

Inventory:

Hand Weapons
 b - a +0 dagger
 l - a +0 spear
 o - a +1 spear of piercing (weapon)
Missiles
 d - 20 sling bullets
 g - 72 stones (quivered)
 i - 27 bolts
Armour
 a - a +0 robe
 h - a scarf of cloud immunity (melded)
 m - a +0 ring mail of fire resistance
 n - a cursed +0 robe (melded)
Scrolls
 j - a scroll of remove curse {unknown}
 k - 5 scrolls of identify {unknown}
 q - a scroll of random uselessness {unknown}
Potions
 e - a potion of magic
Comestibles
 c - 3 rations


   Skills:
 - Level 1.7 Dodging
 - Level 1.7 Stealth
 + Level 3.7 Spellcasting
 + Level 5.9 Necromancy


You had 3 spell levels left.
You knew the following spells:

 Your Spells              Type           Power        Failure   Level  Hunger
a - Pain                  Necr           ###.         1%          1    None
b - Animate Skeleton      Necr           N/A          1%          1    None
c - Vampiric Draining     Necr           ###.......   4%          3    ###....
d - Regeneration          Chrm/Necr      ##........   14%         3    ###....

Your spell library contained the following spells:

 Spells                   Type           Power        Failure   Level  Hunger
 Animate Dead             Necr           N/A          14%         4    ####...


Dungeon Overview and Level Annotations

Branches:
Dungeon (4/15)
 Temple: D:4-7

Altars:
Cheibriados
Trog

Annotations:
D:2 1 runed door, Sigmund


Innate Abilities, Weirdness & Mutations

((You have a pair of small antennae on your head.))
You regenerate health from kills.
When hurt, damage is shared between your health and your magic reserves.


Message History

Attack whom?
Press: ? - help, Dir - move target cursor You reach to attack!
You hit something.
You hear some strange, mumbled words.
A puff of flame appears from out of thin air!
The puff of flame hits you!
* * * LOW HITPOINT WARNING * * *
Attack whom?
Press: ? - help, Dir - move target cursor You reach to attack!
You completely miss something.
A magic dart appears from out of thin air!
The magic dart hits you!
* * * LOW HITPOINT WARNING * * *
Attack whom?
Press: ? - help, Dir - move target cursor You reach to attack!
You barely miss something.
You hear some strange, mumbled words.
A puff of flame appears from out of thin air!
Helpless, you fail to dodge the puff of flame.
You die...

.####.#.#)#.######
..# #.#.#........#
{.###.#.###.####.#
.Z.##.#.#......#.#
......#.#...##.#.#
##.####.#......#'##
.Z......#.#####...#
.##.###.#.#####...#
.##.# #.#.....'.♣.#
.##.###.###..##...#
.##..##.###.).#.{.#
.###.##...)≈≈≈....#
.###..#...≈≈≈≈≈...#
..........≈≈.≈≈....
#####.....≈≈≈≈≈.....
##.....≈≈≈......#
######..####_##.....#


There were no monsters in sight!

Vanquished Creatures
  A bullfrog skeleton (D:4)
  Jessica (D:2)
  Terence (D:2)
  2 adders (D:2)
  An adder skeleton (D:4)
  A worm (D:2)
  2 dart slugs
  A leopard gecko (D:2)
  2 ball pythons (D:2)
  3 giant cockroaches
  6 goblins
  A hobgoblin (D:2)
  3 jackals (D:2)
  5 kobolds
  A quokka (D:2)
  8 bats
  A frilled lizard (D:1)
  A leopard gecko skeleton (D:4)
  3 rats
44 creatures vanquished.

Vanquished Creatures (collateral kills)
  A kobold (D:2)
1 creature vanquished.

Grand Total: 45 creatures vanquished

Notes
Turn   | Place    | Note
-------+----------+-------------------------------------------
     0 | D:1      | Yuikono the Demonspawn Necromancer began the quest for the
                  | Orb.
     0 | D:1      | Reached XP level 1. HP: 13/13 MP: 3/3
    80 | D:1      | Gained mutation: When hurt, damage is shared between your
                  | health and your magic reserves. [demonic ancestry]
    80 | D:1      | Reached XP level 2. HP: 10/19 MP: 0/5
  1095 | D:2      | Learned a level 1 spell: Animate Skeleton
  1133 | D:2      | Noticed Terence
  1244 | D:2      | Noticed Jessica
  1249 | D:2      | Killed Jessica
  1249 | D:2      | Reached skill level 5 in Necromancy
  1249 | D:2      | Gained mutation: You regenerate a little health from kills.
                  | [demonic ancestry]
  1249 | D:2      | Reached XP level 3. HP: 22/24 MP: 2/7
  1454 | D:2      | Gained mutation: You have a pair of small antennae on your
                  | head. [demonic ancestry]
  1454 | D:2      | Reached XP level 4. HP: 22/30 MP: 4/8
  1819 | D:2      | Found a snail-covered altar of Cheibriados.
  1902 | D:2      | Found a runed door.
  1976 | D:2      | Learned a level 3 spell: Vampiric Draining
  1988 | D:2      | Killed Terence
  2034 | D:2      | You fall through a shaft for 2 floors!
  2043 | D:4      | Gained mutation: You regenerate health from kills. [demonic
                  | ancestry]
  2043 | D:4      | Reached XP level 5. HP: 20/35 MP: 5/10
  2092 | D:4      | Found a bloodstained altar of Trog.
  2268 | D:2      | Noticed Sigmund
  2284 | D:2      | Learned a level 3 spell: Regeneration
  2307 | D:2      | HP: 2/52 [something (3)]
  2315 | D:2      | Killed from afar by Sigmund

Skill      XL: |  1  2 |
---------------+-------+-----
Spellcasting   | 3 |  3.7
Necromancy     | 5 |  5.9
Dodging        | |  1.7
Stealth        | |  1.7

Action                   |  1- 3 |  4- 6 || total
-------------------------+-------+-------++-------
Melee: Dagger            |    49 |       ||    49
       Spear             |    35 |    54 ||    89
Throw: Stone             |       |     2 ||     2
 Cast: Pain              |    23 |    21 ||    44
       Animate Skeleton  |       |     3 ||     3
       Regeneration      |       |     1 ||     1
  Use: Potion            |       |     6 ||     6
 Stab: Sleeping          |     5 |     1 ||     6
  Eat: Chunk             |     2 |     2 ||     4
Armor: Robe              |    24 |     6 ||    30
       Skin              |       |     4 ||     4
Dodge: Dodged            |    58 |    31 ||    89
